Map: Backwater LE

Players

Random - Winner!

  • Race: Terran Terran
  • Spawn Location: 11:00

A.I. 1 (Hard)

  • Race: Protoss Protoss
  • Spawn Location: 5:00

VOD

Have the link to the VOD?

Description

Time

  • Played on: Jan. 25, 2018, 8:40 p.m.
  • Length: 13:47
Show
View Real Time Build Order
Export as new Build Order

Random Terran - Winner!

Build Orders: Liberator Opening 

Get SALT Encoding   

  12  0:01  SCV  
  13  0:13  SCV  
  14  0:19  Supply Depot  
  14  0:25  SCV  
  15  0:33  Refinery  
  15  0:44  Barracks  
  15  0:46  SCV  
  16  0:58  SCV  
  17  1:10  SCV  
  18  1:22  SCV  
  20  1:32  Reaper  
  20  1:34  SCV, Supply Depot  
  21  1:46  SCV  
  22  1:58  SCV  
  22  1:59  Factory  
  23  2:10  SCV  
  24  2:17  Command Center  
  24  2:32  SCV  
  24  2:33  Barracks Reactor  
  24  2:36  Refinery  
  25  3:00  Starport  
  25  3:03  Factory Tech Lab  
  25  3:07  SCV  
  26  3:19  SCV  
  27  3:25  Marine x2  
  29  3:30  Siege Tank  
  29  3:31  SCV  
  33  3:43  SCV, Starport Tech Lab, Liberator  
  34  3:54  Supply Depot  
  34  3:56  SCV, Marine x2  
  40  4:08  SCV  
  41  4:11  SCV  
  42  4:17  Supply Depot  
  42  4:20  SCV  
  42  4:23  SCV  
  44  4:32  SCV  
  44  4:35  SCV  
  46  4:40  Marine x2  
  46  4:44  SCV  
  49  4:46  Barracks  
  49  4:47  SCV  
  50  4:56  SCV  
  50  4:59  SCV, Siege Tank  
  55  5:02  Marine x2  
  57  5:08  SCV, Starport Tech Lab  
  57  5:10  Starport Reactor  
  57  5:12  SCV  
  59  5:20  Marine x2, SCV, Refinery  
  62  5:22  Refinery  
  62  5:26  SCV  
  60  5:32  SCV  
  60  5:33  Barracks  
  60  5:35  Supply Depot  
  61  5:38  Supply Depot  
  61  5:39  SCV  
  62  5:53  Orbital Command  
  62  5:56  Siege Tank  
  65  6:00  Supply Depot  
  65  6:05  Supply Depot  
  65  6:07  Orbital Command  
  65  6:10  Marine x2  
  67  6:20  Barracks Reactor  
  67  6:21  Barracks Reactor  
  67  6:25  Supply Depot  
  67  6:28  Marine x2  
  69  6:35  Siege Tank  
  69  6:39  Medivac x2  
  75  6:45  Marine  
  75  6:46  Marine  
  75  7:03  Marine x2  
  75  7:07  Siege Tank  
  74  7:09  Medivac x2  
  71  7:17  Marine x4  
  71  7:21  Marine x2  
  77  7:34  Supply Depot  
  77  7:35  Marine x4  
  81  7:39  Marine x2  
  86  7:44  Medivac  
  86  7:45  Medivac  
  90  7:53  Marine x4  
  90  7:57  Marine  
  95  7:58  Barracks  
  95  8:03  Supply Depot  
  95  8:07  Liberator  
  95  8:19  Engineering Bay  
  95  8:25  Marine x5  
  103  8:32  Siege Tank  
  103  8:44  Command Center  
  103  8:46  Engineering Bay, Supply Depot  
  103  9:08  Marine x5, Siege Tank  
  111  9:10  Supply Depot  
  111  9:22  Barracks Reactor  
  111  9:28  Terran Infantry Armor Level 1, Terran Infantry Weapons Level 1  
  111  9:31  Marine x6  
  111  9:33  Supply Depot  
  117  9:49  Marine x2  
  119  9:54  Marine x4, Siege Tank  
  126  10:02  Supply Depot  
  126  10:03  Orbital Command  
  126  10:04  Liberator  
  126  10:05  Liberator  
  126  10:12  Marine x2  
  128  10:16  Marine x4  
  138  10:30  Marine x2  
  138  10:33  Marine  
  138  10:34  Marine  
  142  11:08  Marine x6  
  148  11:25  Marine  
  148  11:26  Marine  
  150  11:40  Marine  
  150  11:43  Marine  
  150  11:44  Marine x4  
  149  11:58  Marine  
  150  13:01  Marine  
  146  13:27  Marine  
  146  13:28  Marine x3  
Show
View Real Time Build Order
Export as new Build Order

A.I. 1 (Hard) Protoss 

Build Orders:  

Get SALT Encoding   

  12  0:00  Probe  
  13  0:13  Probe  
  14  0:20  Pylon  
  14  0:25  Probe  
  15  0:38  Probe  
  16  0:48  Assimilator  
  16  0:50  Probe  
  16  0:51  Gateway  
  17  1:00  Pylon  
  17  1:02  Probe  
  18  1:14  Probe  
  19  1:27  Probe  
  20  1:39  Zealot  
  22  1:41  Cybernetics Core  
  22  1:43  Gateway  
  22  1:48  Assimilator  
  22  2:02  Pylon  
  22  2:17  Warp Gate  
  22  2:18  Adept  
  24  2:30  Zealot  
  26  2:43  Pylon  
  26  2:45  Adept  
  28  2:57  Adept  
  30  3:12  Adept  
  32  3:19  Probe  
  33  3:24  Stalker  
  35  3:28  Pylon  
  35  3:31  Probe  
  36  3:39  Stalker  
  38  3:43  Probe  
  39  3:50  Forge  
  39  3:54  Adept  
  39  3:55  Probe  
  42  4:07  Probe  
  42  4:09  Stalker  
  45  4:19  Probe  
  46  4:28  Adept  
  48  6:10  Stalker  
  48  6:11  Protoss Ground Weapons Level 1  
  50  6:13  Gateway  
  50  6:17  Pylon  
  50  6:18  Photon Cannon  
  50  6:19  Nexus, Photon Cannon  
  50  6:21  Stalker  
  50  6:22  Robotics Facility  
  52  6:26  Stargate  
  52  6:30  Forge  
  52  6:33  Stalker  
  52  6:38  Pylon  
  54  6:44  Stalker  
  56  6:56  Stalker  
  58  7:01  Pylon  
  58  7:03  Protoss Ground Armor Level 1  
  58  7:07  Zealot  
  56  7:09  Observer  
  51  7:17  Zealot  
  47  7:28  Adept  
  49  7:31  Observer  
  49  7:32  Probe  
  49  7:33  Probe  
  52  7:39  Adept  
  52  7:44  Probe  
  55  7:45  Probe  
  55  7:50  Stalker  
  58  7:56  Probe  
  58  7:57  Probe  
  60  8:00  Sentry  
  62  8:08  Probe  
  62  8:10  Probe  
  64  8:20  Probe  
  64  8:22  Probe  
  66  8:27  Assimilator  
  66  8:32  Probe  
  66  8:34  Probe  
  68  8:38  Assimilator  
  68  8:44  Probe  
  68  8:46  Probe  
  70  8:56  Probe  
  70  8:58  Probe  
  72  9:08  Probe  
  73  9:10  Probe  
  74  9:20  Probe  
  75  10:34  Probe  
  72  10:48  Warp Prism, Adept  
  72  10:49  Protoss Shields Level 1  
  76  10:50  Protoss Air Weapons Level 1  
  76  10:52  Pylon  
  76  10:53  Nexus, Void Ray  
  80  10:59  Zealot  
  82  11:05  Adept  
  82  11:11  Gateway, Adept  
  86  11:13  Robotics Bay  
  86  11:17  Pylon  
  86  11:19  Adept  
  86  11:21  Robotics Facility  
  86  11:24  Stargate, Observer  
  89  11:36  Void Ray  
  89  11:39  Twilight Council  
  93  11:42  Zealot  
  93  11:45  Warp Prism  
  63  11:48  Zealot  
  63  11:54  Stalker  
  59  12:02  Adept  
  59  12:06  Zealot  
  57  12:09  Stalker  
  57  12:12  Pylon  
  57  12:14  Assimilator  
  53  12:16  Assimilator  
  53  12:19  Void Ray  
  53  12:21  Immortal  
  60  12:24  Adept  
  52  12:30  Stalker  
  52  12:33  Stalker  
  35  12:44  Adept  
  28  12:53  Adept  
  25  13:00  Immortal  
  25  13:02  Void Ray  
  27  13:05  Zealot  
  27  13:11  Adept  
  16  13:33  Probe  
  16  13:42  Stalker  
Tags
 
Add a new tag
Caveats
  • Supply blocks, unpowered buildings, or Contaminate may cause inaccurate times.
  • Supply counts are checked every 10 seconds.